 Dungeon Crawl Stone Soup version 0.31-a0-667-g39726597b9 (webtiles) character file.

Game seed: 511707967197858796

2262 bjtr the Basher (level 9, -2/54 HPs)
             Began as a Gargoyle Reaver on Sept 3, 2023.
             Was a Follower of Vehumet.
             Slain by a wight
             ... wielding a +0 halberd
              (13 damage)
             ... on level 8 of the Dungeon on Sept 4, 2023.
             The game lasted 00:33:22 (8387 turns).

bjtr the Basher (Gargoyle Reaver)                   Turns: 8387, Time: 00:33:25

Health: -2/54      AC: 11    Str: 17    XL:     9   Next: 38%
Magic:  12/12      EV: 12    Int: 17    God:    Vehumet [*.....]
Gold:   396        SH:  0    Dex:  8    Spells: 11/12 levels left

rFire   . . .        O - +1 flail (venom)
rCold   . . .        (no shield)
rNeg    + + .        b - +0 leather armour
rPois   ∞            (no helmet)
rElec   +            j - scarf {repulsion}
rCorr   .            (no gloves)
SInv    .            i - +0 pair of boots
Will    .....        t - amulet of the acrobat
Stlth   +            L - ring of positive energy
HPRegen 0.29/turn    (no ring)
MPRegen 0.13/turn

%: repel missiles, acrobat
@: no status effects
A: sickness immunity, AC +6, negative energy resistance 1, electricity
resistance, torment resistance 1, petrification resistance
a: Renounce Religion


You were on level 8 of the Dungeon.
You worshipped Vehumet.
Vehumet was aware of your devotion.
You visited 2 branches of the dungeon, and saw 9 of its levels.

You collected 396 gold pieces.

Inventory:

Hand Weapons
 p - a +2 short sword of speed
 w - a +2 dagger of electrocution
 C - a +0 orcbow
 E - a +3 arbalest
 F - a +2 falchion of flaming
 I - a +3 war axe
 O - a +1 flail of venom (weapon)
Missiles
 m - 11 javelins
 o - 18 poisoned darts
Armour
 a - the +2 robe "Kasibraf" {-Tele Drain Fly Str+8}
   (You found it on level 8 of the Dungeon)

   Str+8:     It affects your strength (+8).
   Fly:       It grants you flight.
   -Tele:     It prevents most forms of teleportation.
   Drain:     It drains your maximum health when unequipped.
 b - a +0 leather armour (worn)
 d - a +0 ring mail
 i - a +0 pair of boots (worn)
 j - a scarf of repulsion (worn)
 n - an orb of light
 x - a +2 robe of willpower
Magical Staves
 q - a staff of death
 K - a staff of fire
Jewellery
 c - an amulet of faith
 t - an amulet of the acrobat (around neck)
 v - a ring of fire
 L - a ring of positive energy (left hand)
 P - a ring of positive energy
Wands
 l - a wand of quicksilver (10)
 y - a wand of polymorph (19)
 B - a wand of mindburst (21)
Scrolls
 f - 3 scrolls of enchant armour
 g - 2 scrolls of vulnerability
 h - 2 scrolls of teleportation
 k - a scroll of poison
Potions
 e - a potion of resistance
 r - 3 potions of curing
 s - a potion of lignification
 u - 3 potions of attraction
 z - a potion of might
 A - a potion of heal wounds
 D - a potion of brilliance {unknown}
 G - a potion of berserk rage {unknown}
 J - a potion of degeneration {unknown}
 N - a potion of mutation {unknown}


   Skills:
 + Level 5.3 Fighting
 + Level 8.0 Maces & Flails
 + Level 5.4 Armour
 + Level 4.3 Dodging
 + Level 1.2 Stealth
 + Level 2.2 Spellcasting
 * Level 5.1 Conjurations
 + Level 2.1 Evocations


You had 11 spell levels left.
You knew the following spells:

 Your Spells              Type           Power      Damage    Failure   Level
a - Kiss of Death         Conj/Necr      40%        2d8       8%          1

Your spell library contained the following spells:

 Spells                   Type           Power      Damage    Failure   Level
 Foxfire                  Conj/Fire      40%        2x1d6     8%          1
 Momentum Strike          Conj/Tloc      20%        3d8       12%         2
 Hailstorm                Conj/Ice       10%        3d5       24%         3
 Confusing Touch          Hex            1%         N/A       56%         3
 Ozocubu's Armour         Ice            1%         N/A       56%         3
 Dispel Undead            Necr           1%         3d6       92%         4
 Ozocubu's Refrigeration  Ice            0%         4d7       100%        7


Dungeon Overview and Level Annotations

Branches:
Dungeon (8/15)             Temple (1/1) D:6
   Lair: D:8-11

Altars:
Ashenzari
Cheibriados
Dithmenos
Elyvilon
Fedhas
Gozag
Hepliaklqana
Kikubaaqudgha
Makhleb
Okawaru
Qazlal
Ru
Sif Muna
Trog
Uskayaw
Vehumet
Wu Jian
Xom
Yredelemnul
Zin
The Shining One


Innate Abilities, Weirdness & Mutations

You are immune to sickness and miasma.
Your stone body is resilient. (AC +6)
You are immune to poison.
You resist negative energy. (rN+)
You are resistant to electric shocks. (rElec)
You are resistant to unholy torment.
You are immune to petrification.


Message History

The wight hits you with a +2 dire flail!
You thump the wight!
The wight is heavily damaged.
The wight hits you but does no damage.
You closely miss the wight.
The wight is heavily damaged.
The wight closely misses you.
You completely miss the wight.
The wight is heavily damaged.
The wight closely misses you.
You closely miss the wight.
The wight is heavily damaged.
The wight closely misses you.
You barely miss the wight.
The wight is heavily damaged.
The wight hits you with a +2 dire flail.
You hit the wight. Your punch misses the wight.
The wight is severely damaged.
The wight hits you with a +2 dire flail.
You hit the wight.
The wight is almost destroyed.
The wight barely misses you.
You hit the wight but do no damage.
The wight is almost destroyed.
The wight hits you with a +2 dire flail.
You closely miss the wight.
The wight is almost destroyed.
The wight hits you with a +2 dire flail.
You sock the wight!
You destroy the wight!
Vehumet accepts your kill.
Your Maces & Flails skill increases to level 8!
You thump the wight!
The wight is heavily damaged.
The wight hits you with a +2 hand axe of freezing.
* * * LOW HITPOINT WARNING * * *
The wight freezes you.
* * * LOW HITPOINT WARNING * * *
The wight hits you from afar with a +0 halberd!
You die...

........ .......
..... .... #..##
#...# ##z..#
#z###.# #@# #)#
#.## #### #..#
###..####..#
#######.........##
##..##.....#######
#........###
#..#....##


You could see 2 wights.

Vanquished Creatures
  Eustachio (D:4)
  Duvessa (D:4)
  An ice beast (D:7)
  A sky beast (D:7)
  An orc warrior (D:7)
  A black bear (D:5)
  A centaur (D:5)
  2 phantoms
  2 kobold brigands (D:7)
  A gnoll sergeant (D:4)
  A scorpion (D:7)
  7 wights
  Dowan (D:4)
  A howler monkey (D:5)
  A lava snake (D:7)
  An orc priest (D:5)
  A hound (D:5)
  A jelly (D:7)
  2 sleepcaps (D:5)
  Jessica (D:3)
  An iguana (D:5)
  Terence (D:2)
  2 orc wizards
  Natasha (thrice) (D:3)
  4 gnolls (D:4)
  10 adders
  A shadow imp (D:7)
  2 worms
  5 dart slugs
  15 orcs
  6 ball pythons
  8 endoplasms
  5 giant cockroaches
  10 goblins
  4 hobgoblins
  4 jackals (D:2)
  5 quokkas
  2 bats
  4 frilled lizards
  18 kobolds
  5 rats
144 creatures vanquished.

Vanquished Creatures (collateral kills)
  A wight (D:6)
  An orc (D:5)
2 creatures vanquished.

Grand Total: 146 creatures vanquished

Notes
Turn   | Place    | Note
-------+----------+-------------------------------------------
     0 | D:1      | bjtr the Gargoyle Reaver began the quest for the Orb.
     0 | D:1      | Reached XP level 1. HP: 12/12 MP: 3/3
    84 | D:1      | Reached XP level 2. HP: 14/17 MP: 5/5
   363 | D:1      | Reached XP level 3. HP: 21/21 MP: 6/6
   610 | D:1      | Reached skill level 1 in Armour
   956 | D:2      | Reached XP level 4. HP: 15/27 MP: 7/7
  1113 | D:2      | Noticed Terence
  1414 | D:2      | Reached skill level 4 in Maces & Flails
  1584 | D:2      | Killed Terence
  1667 | D:2      | Reached XP level 5. HP: 18/25 MP: 8/8
  1737 | D:3      | Noticed Natasha
  1746 | D:3      | Killed Natasha
  1755 | D:3      | Noticed Jessica
  1914 | D:3      | Killed Jessica
  2259 | D:3      | Noticed Natasha
  2269 | D:3      | Killed Natasha
  2270 | D:3      | Reached XP level 6. HP: 20/37 MP: 9/9
  2425 | D:3      | Noticed Natasha
  2438 | D:3      | Killed Natasha
  2944 | D:4      | Noticed Duvessa
  3025 | D:4      | Noticed Eustachio
  3025 | D:4      | Noticed Dowan
  3113 | D:4      | Killed Dowan
  3114 | D:4      | Reached skill level 5 in Maces & Flails
  3123 | D:4      | Killed Duvessa
  3124 | D:4      | Reached XP level 7. HP: 15/29 MP: 4/10
  3641 | D:5      | Entered Level 5 of the Dungeon
  4379 | D:4      | Reached skill level 6 in Maces & Flails
  4924 | D:4      | Reached XP level 8. HP: 15/47 MP: 11/11
  5111 | D:4      | Killed Eustachio
  5112 | D:4      | Reached skill level 1 in Stealth
  5112 | D:4      | Reached skill level 1 in Evocations
  5777 | D:5      | Found an ornate altar of the Wu Jian Council.
  5957 | D:6      | Found a staircase to the Ecumenical Temple.
  5964 | Temple   | Entered the Ecumenical Temple
  6042 | Temple   | Became a worshipper of Vehumet
  6267 | D:6      | Reached skill level 5 in Armour
  6821 | D:6      | Reached skill level 7 in Maces & Flails
  6941 | D:7      | Found a shadowy altar of Dithmenos.
  7125 | D:7      | Reached skill level 5 in Fighting
  7125 | D:7      | Reached XP level 9. HP: 44/54 MP: 12/12
  7603 | D:7      | Found a broken altar of Ashenzari.
  7603 | D:7      | Found a stormy altar of Qazlal.
  7726 | D:7      | Reached * piety under Vehumet
  7726 | D:7      | Offered knowledge of Foxfire by Vehumet.
  8284 | D:8      | Identified the +2 robe "Kasibraf" {-Tele Drain Fly Str+8}
  8302 | D:8      | Reached skill level 5 in Conjurations
  8387 | D:8      | Reached skill level 8 in Maces & Flails
  8387 | D:8      | Slain by a wight

Illustrated notes

Levels and vault maps discovered:
D:1:      lemuel_arrival_muddy, layout_basic
D:2:      layout_basic, kennysheep_path_1, minmay_shallow_snake_nest,
          uniq_terence
D:3:      layout_rooms, kennysheep_generic_room_15, uniq_jessica, uniq_natasha
D:4:      layout_basic, dk_noncrumbling_3, nicolae_eternal_life, uniq_eustachio,
          uniq_duvessa
D:5:      layout_loops_ring, kennysheep_mini
D:6:      layout_rooms, minmay_temple_entry_drinking_statues
D:7:      layout_layer_cave, nicolae_overflow_two_pavilions,
          nicolae_dithmenos_shadow_blocks, chequers_serial_rivers_small_a
D:8:      layout_layer_cave, erik_lair_orcish_takeover
Temple:   minmay_temple_bridge_d

Skill      XL: |  1  2  3  4  5  6  7  8  9 |
---------------+----------------------------+-----
Armour         | 1 2 3 4 5 |  5.4
Dodging        | 2 3 4 |  4.3
Maces & Flails | 4 5 6 7 8 |  8.0
Fighting       | 3 4 5 |  5.3
Stealth        | 1 |  1.2
Evocations     | 2 |  2.1
Conjurations   | 4 5 |  5.1
Spellcasting   | |  2.2

Action                     |  1- 3 |  4- 6 |  7- 9 || total
---------------------------+-------+-------+-------++-------
  Melee: Mace              |   114 |   224 |   150 ||   488
         Punch             |     1 |     2 |     3 ||     6
         Flail             |       |       |   268 ||   268
   Cast: Kiss of Death     |       |     7 |     1 ||     8
  Evoke: Wand              |       |       |    33 ||    33
    Use: Scroll            |       |     8 |    11 ||    19
         Potion            |       |     1 |       ||     1
 Armour: Leather armour    |    71 |   176 |   306 ||   553
  Dodge: Dodged            |    60 |   163 |   336 ||   559
         Repelled          |       |     1 |     1 ||     2

Table legend: (Time is in decaauts)
 A = Elapsed time spent in this place.
 B = Non-inter-level travel time spent in this place.
 C = Inter-level travel time spent in this place.
 D = Time resting spent in this place.
 E = Time spent auto-exploring this place.
 F = Levels seen in this place.
 G = Mean time per level.
                   A        B        C        D        E       F      G
               +--------+--------+--------+--------+--------+-----+--------+
         Total |   8490 |   7682 |    808 |   1449 |   4212 |   9 |  943.3 |
       Dungeon |   8343 |   7668 |    675 |   1449 |   4212 |   8 | 1042.9 |
        Temple |    146 |     13 |    133 |      0 |      0 |   1 |  146.0 |
               +--------+--------+--------+--------+--------+-----+--------+

Top non-repeatable levels by time:
     D:4: 1880 daAuts
     D:5: 1560 daAuts
     D:7: 1470 daAuts
     D:2: 981 daAuts
     D:1: 917 daAuts
     D:3: 782 daAuts
     D:6: 624 daAuts
  Temple: 146 daAuts
     D:8: 126 daAuts
